 Dungeon Crawl Stone Soup version 0.21-a0-434-g806c6c2 (webtiles) character file.

1766 KristoblXynda the Carver (level 8, -5/63 HPs)
             Began as a Grey Draconian Fighter on Nov 8, 2017.
             Was an Initiate of Cheibriados.
             Slain by a two-headed ogre
             ... wielding a +0 dire flail
              (17 damage)
             ... on level 7 of the Dungeon.
             The game lasted 00:11:03 (5661 turns).

KristoblXynda the Carver (Grey Draconian Fighter)   Turns: 5661, Time: 00:11:03

Health: -5/63      AC: 15    Str: 20    XL:     8   Next: 79%
Magic:  8/8        EV: 11    Int: 11    God:    Cheibriados [......]
Gold:   247        SH: 11    Dex: 12    Spells: 7/7 levels left

rFire    . . .     SeeInvis .   a - +0 long sword
rCold    . . .     Gourm    .   b - +0 shield
rNeg     . . .     Faith    .   (armour unavailable)
rPois    .         Spirit   .   (helmet restricted)
rElec    .         Reflect  .   c - +1 cloak
rCorr    .         Harm     .   i - +1 pair of gloves
MR       .....                  (no boots)
Stlth    ++........             (no amulet)
HPRegen  0.20/turn              n - ring of stealth
MPRegen  0.11/turn              (no ring)

@: very slow
A: walk through water, unfitting armour, unbreathing, cold-blooded, AC +11
a: Bend Time, Renounce Religion


You were on level 7 of the Dungeon.
You worshipped Cheibriados.
Cheibriados was noncommittal.
You were not hungry.

You visited 2 branches of the dungeon, and saw 8 of its levels.

You collected 247 gold pieces.

Inventory:

Hand Weapons
 a - a +0 long sword (weapon)
Missiles
 u - 2 throwing nets (quivered)
Armour
 b - a +0 shield (worn)
 c - a +1 cloak (worn)
 i - a +1 pair of gloves (worn)
Jewellery
 n - a ring of stealth (left hand)
Wands
 l - a wand of digging (11/24)
 m - a wand of iceblast (7/15)
 v - a wand of confusion (13/48)
Scrolls
 e - 2 scrolls of remove curse
 g - a scroll of fog {unknown}
 h - a scroll of enchant armour
 o - a scroll of enchant weapon {unknown}
 q - a scroll of teleportation
 r - a scroll of magic mapping {unknown}
 s - a scroll of fear
 t - 2 scrolls of immolation
 y - a scroll of vulnerability {unknown}
Potions
 f - 2 potions of resistance
 j - a potion of cancellation {unknown}
 k - 7 potions of brilliance
 w - a potion of berserk rage {unknown}
 z - a potion of invisibility {unknown}
Comestibles
 d - 3 bread rations
 p - 3 royal jellies
 x - a meat ration


   Skills:
 - Level 3.2 Fighting
 * Level 9.5 Long Blades
 - Level 2.6 Dodging
 + Level 7.2 Shields


You had 7 spell levels left.
You didn't know any spells.

Dungeon Overview and Level Annotations

Branches:
Dungeon (7/15)             Temple (1/1) D:6

Altars:
Ashenzari
Cheibriados
Dithmenos
Elyvilon
Fedhas
Gozag
Hepliaklqana
Kikubaaqudgha
Makhleb
Nemelex Xobeh
Okawaru
Qazlal
Ru
Sif Muna
Uskayaw
Vehumet
Wu Jian
Xom
Yredelemnul
Zin
The Shining One


Innate Abilities, Weirdness & Mutations

You can walk through water.
Your dull iron-grey scales are very hard. (AC +11)
You cannot fit into any form of body armour.
You can survive without breathing.
You are cold-blooded and may be slowed by cold attacks.


Message History

The two-headed ogre hits you with a giant club!!
You hit the two-headed ogre but do no damage.
The two-headed ogre is heavily wounded.
You hit the two-headed ogre.
The two-headed ogre is heavily wounded.
The two-headed ogre hits you but does no damage.
The two-headed ogre barely misses you.
You hit the two-headed ogre.
The two-headed ogre is severely wounded.
The two-headed ogre barely misses you.
The two-headed ogre hits you with a giant club!
You hit the two-headed ogre.
The two-headed ogre is severely wounded.
The two-headed ogre barely misses you.
The two-headed ogre hits you with a giant club!
* * * LOW HITPOINT WARNING * * *
Your shield prevents you from hitting the two-headed ogre.
The two-headed ogre is severely wounded.
The two-headed ogre hits you with a dire flail!
You die...

.......#.......#...
.........†.<.......
.....#.............
.....#..........###
..hO...........##
##...##.#####.##
...# #.{# .# ##
##O# ## #@# #.# ...
.#... ..##.#. ##
...# .. # ..#


You could see a two-headed ogre.

Vanquished Creatures
  Prince Ribbit (D:5)
  Sigmund (D:3)
  An orc warrior (D:5)
  A phantom (D:5)
  3 ogres
  An ice beast (D:6)
  A big kobold (D:4)
  A howler monkey (D:5)
  A crimson imp (D:6)
  A hound (D:7)
  A bullfrog zombie (D:6)
  4 orc priests
  A centaur skeleton (D:5)
  Terence (D:2)
  Natasha (thrice) (D:3)
  4 orc wizards
  A worker ant (D:4)
  A hound zombie (D:5)
  8 adders
  9 gnolls
  A shadow imp (D:5)
  An ooze (D:2)
  An adder skeleton (D:5)
  An adder zombie (D:6)
  3 worms
  5 dart slugs
  5 leopard geckos
  12 orcs
  6 giant cockroaches
  A goblin (D:2)
  8 hobgoblins
  9 jackals
  2 quokkas
  6 ball pythons
  4 bats
  4 frilled lizards
  11 kobolds
  13 rats
  A plant (D:4)
139 creatures vanquished.

Vanquished Creatures (others)
  A plant (D:3)
1 creature vanquished.

Grand Total: 140 creatures vanquished

Notes
Turn   | Place    | Note
-------+----------+-------------------------------------------
     0 | D:1      | KristoblXynda the Draconian Fighter began the quest for the Orb.
     0 | D:1      | Reached XP level 1. HP: 19/19 MP: 1/1
   122 | D:1      | Reached XP level 2. HP: 24/26 MP: 2/2
   415 | D:1      | Reached skill level 3 in Long Blades
   474 | D:1      | Found a shimmering altar of Xom.
   476 | D:1      | Found a white marble altar of Elyvilon.
   476 | D:1      | Found an ornate altar of the Wu Jian Council.
   482 | D:1      | Found a sparkling altar of Nemelex Xobeh.
   482 | D:1      | Found a shimmering altar of Xom.
   482 | D:1      | Found a hide-covered altar of Uskayaw.
   494 | D:1      | Reached XP level 3. HP: 19/31 MP: 3/3
   714 | D:2      | Reached XP level 4. HP: 18/38 MP: 4/4
  1026 | D:2      | Noticed Terence
  1080 | D:2      | Reached skill level 4 in Long Blades
  1309 | D:2      | Killed Terence
  1309 | D:2      | Reached XP level 5. HP: 19/45 MP: 5/5
  1704 | D:3      | Noticed Sigmund
  1712 | D:3      | Killed Sigmund
  1712 | D:3      | Reached skill level 5 in Long Blades
  1712 | D:3      | Reached XP level 6. HP: 49/51 MP: 6/6
  1747 | D:3      | Noticed Natasha
  1766 | D:3      | Killed Natasha
  2006 | D:3      | Reached skill level 6 in Long Blades
  2011 | D:3      | Reached skill level 5 in Shields
  2070 | D:3      | Noticed Natasha
  2080 | D:3      | Killed Natasha
  2319 | D:3      | Found a faded altar of an unknown god.
  2430 | D:3      | Your scales start taking on a dull iron-grey colour.
  2430 | D:3      | Reached XP level 7. HP: 26/57 MP: 7/7
  2430 | D:3      | Gained mutation: You can survive without breathing. [Grey Draconian growth]
  2619 | D:3      | Noticed Natasha
  2623 | D:3      | Killed Natasha
  3785 | D:5      | Entered Level 5 of the Dungeon
  3857 | D:5      | Found a shattered altar of Ashenzari.
  3915 | D:5      | Reached skill level 7 in Long Blades
  4318 | D:5      | Reached XP level 8. HP: 59/63 MP: 8/8
  4319 | D:5      | Noticed Prince Ribbit
  4478 | D:5      | Reached skill level 8 in Long Blades
  4808 | D:5      | Killed Prince Ribbit
  4966 | D:6      | Reached skill level 9 in Long Blades
  5057 | D:6      | Found a staircase to the Ecumenical Temple.
  5066 | Temple   | Entered the Ecumenical Temple
  5161 | Temple   | Became a worshipper of Cheibriados the Contemplative
  5635 | D:7      | Noticed a two-headed ogre
  5661 | D:7      | Slain by a two-headed ogre

Vault maps used:
D:1:      lemuel_arrival_broad_hall, minmay_misc_feat_tiny, doesnt_xom_only_xom
D:2:      uniq_terence
D:3:      chequers_ecumenical_altar_lobes, uniq_natasha, uniq_sigmund
D:4:      serial_forest, infiniplex_forest_clump_diagonal,
          infiniplex_forest_zigzag_1, infiniplex_forest_corner_1,
          infiniplex_forest_clump_small, infiniplex_forest_end_2,
          infiniplex_forest_straight_4, infiniplex_forest_lined_corner,
          infiniplex_forest_clump_large, lexackson_kobold_supper
D:5:      first_bread, minmay_splitting_lines, nicolae_ashenzari_panopticon,
          uniq_prince_ribbit1
D:6:      minmay_temple_entry_statues_pillars
D:7:      minmay_ruffians, uniq_crazy_yiuf_cottage, uniq_pikel
Temple:   dpeg_three_leaves_temple

Skill      XL: |  1  2  3  4  5  6  7  8 |
---------------+-------------------------+-----
Long Blades    | 3 4 5 6 7 9 |  9.5
Shields        | 4 5 6 7 |  7.2
Fighting       | |  3.2
Dodging        | |  2.6

Action                   |  1- 3 |  4- 6 |  7- 9 || total
-------------------------+-------+-------+-------++-------
Melee: Long sword        |   115 |   176 |   261 ||   552
       Tailslap          |    13 |    21 |    41 ||    75
  Use: Scroll            |       |     6 |     3 ||     9
       Potion            |       |     3 |       ||     3
 Stab: Sleeping          |     1 |     3 |     5 ||     9
  Eat: Chunk             |       |     2 |     4 ||     6
       Bread ration      |       |     1 |     1 ||     2
       Meat ration       |       |       |     1 ||     1
Armor: Skin              |    38 |    39 |    71 ||   148
Dodge: Dodged            |    63 |    49 |    86 ||   198
Block: Shield            |    75 |    65 |   102 ||   242
       Rpst.: Long sword |    26 |    12 |    30 ||    68

Table legend:
 A = Spawn XP
 B = Non-spawn XP
 C = Spawn XP percentage of total XP
 D = Spawn monster count
 E = Non-spawn monster count
 F = Spawn count percentage of total count
 G = Total turns spent on level
                    A         B        C        D         E        F      G
               +---------+---------+-------+---------+---------+-------+---------
         Total |       0 |    2523 |   0.0 |       0 |     138 |   0.0 |  5661
               +---------+---------+-------+---------+---------+-------+---------
           D:1 |       0 |      41 |   0.0 |       0 |      25 |   0.0 |   558
           D:2 |       0 |     181 |   0.0 |       0 |      31 |   0.0 |  1096
           D:3 |       0 |     557 |   0.0 |       0 |      28 |   0.0 |  1058
           D:4 |       0 |     178 |   0.0 |       0 |      17 |   0.0 |  1073
           D:5 |       0 |    1033 |   0.0 |       0 |      18 |   0.0 |  1088
           D:6 |       0 |     466 |   0.0 |       0 |      14 |   0.0 |   645
           D:7 |       0 |      67 |   0.0 |       0 |       5 |   0.0 |    32
               +---------+---------+-------+---------+---------+-------+---------
